 Dungeon Crawl Stone Soup version 0.24.1-4-ge52af88ad5 (webtiles) character file.

Game seed: 6745381303113272096, levelgen mode: deterministic

247130 Peloso the Hoplite (level 18, -6/172 HPs)
             Began as a Minotaur Fighter on Apr 11, 2020.
             Was the Champion of Okawaru.
             Killed from afar by a raiju (17 damage)
             ... with a living lightning
             ... on level 3 of the Abyss on Apr 12, 2020.
             The game lasted 02:32:16 (54034 turns).

Peloso the Hoplite (Minotaur Fighter)              Turns: 54034, Time: 02:32:17

Health: -6/172     AC: 25    Str: 25    XL:     18   Next: 81%
Magic:  19/19      EV: 11    Int:  5    God:    Okawaru [******]
Gold:   2847       SH: 19    Dex: 18    Spells: 17/17 levels left

rFire    + . .     SeeInvis .   p - +4 demon blade (elec)
rCold    + + .     Gourm    +   c - +2 shield {reflect}
rNeg     + . .     Faith    .   L - +1 plate armour of Vexation {rN+}
rPois    .         Spirit   .   d - +1 hat
rElec    .         Reflect  +   I - scarf {rC+ rF+}
rCorr    .         Harm     .   S - +0 pair of gloves
MR       ++...     Rnd*Rage +   k - +2 pair of boots {run}
Stlth    ..........             C - amulet of the gourmand
HPRegen  0.38/turn              s - ring "Jutsuck" {rC+ Dex+4}
MPRegen  0.16/turn              y - ring of protection from magic

@: about to teleport, lightly drained, quick
A: retaliatory headbutt, horns 2, [berserk 1]
}: 2/15 runes: decaying, gossamer
a: Heroism, Finesse, Renounce Religion


You were on level 3 of the Abyss.
You worshipped Okawaru.
Okawaru was exalted by your worship.
You were completely stuffed.

You visited 7 branches of the dungeon, and saw 34 of its levels.
You visited the Abyss 1 time.
You also visited: Ice Cave and Volcano.

You collected 3747 gold pieces.
You spent 900 gold pieces at shops.

Inventory:

Hand Weapons
 a - a +0 double sword of electrocution
 n - a +3 demon whip of slashing
 p - a +4 demon blade of electrocution (weapon)
 z - the +3 dagger of Jucoah {flame, rF+}
   (Okawaru gifted it to you on level 4 of the Swamp)

   It has been specially enchanted to burn those struck by it, causing extra
   injury to most foes and up to half again as much damage against particularly
   susceptible opponents.
   It protects you from fire.
Armour
 c - a +2 shield of reflection (worn)
 d - a +1 hat (worn)
 k - a +2 pair of boots of running (worn)
 I - a scarf of resistance (worn)
 L - the +1 plate armour of Vexation (worn) {rN+}
   (Okawaru gifted it to you on level 2 of the Swamp)

   It protects you from negative energy.
 S - a +0 pair of gloves (worn)
Jewellery
 l - an uncursed ring of see invisible
 s - the ring "Jutsuck" (left hand) {rC+ Dex+4}
   (You found it on level 3 of the Swamp)

   [ring of protection from cold]

   It affects your dexterity (+4).
   It protects you from cold.
 y - a ring of protection from magic (right hand)
 C - an amulet of the gourmand (around neck)
 Q - an uncursed ring of poison resistance
Wands
 M - a wand of digging (2)
Scrolls
 g - 2 scrolls of noise
 h - 14 scrolls of remove curse
 i - 4 scrolls of fear
 m - 3 scrolls of enchant weapon
 o - 5 scrolls of fog
 v - 11 scrolls of identify
 x - 7 scrolls of teleportation
 B - a scroll of blinking
 G - 2 scrolls of magic mapping
Potions
 e - 3 potions of mutation
 j - 13 potions of curing
 r - 4 potions of flight
 u - 5 potions of agility
 E - 7 potions of haste
 F - 3 potions of might
 P - 4 potions of berserk rage
Miscellaneous
 b - a phial of floods
Comestibles
 f - 48 rations
 q - 3 chunks of flesh


   Skills:
 + Level 18.0(17.4) Fighting
 + Level 4.8(12.0) Short Blades
 + Level 18.5(18.2) Long Blades
 + Level 17.6(17.1) Armour
 + Level 5.5(5.1) Dodging
 + Level 2.9(2.5) Stealth
 + Level 22.0(21.3) Shields
 + Level 1.9(1.5) Unarmed Combat
 + Level 3.2(2.8) Invocations
 + Level 1.8(1.5) Evocations


You had 17 spell levels left.
You didn't know any spells.
Your spell library contained the following spells:

 Spells                   Type           Power        Failure   Level  Hunger
 Animate Skeleton         Necr           N/A          98%         1    ##.....
 Apportation              Tloc           #.....       98%         1    ##.....
 Beastly Appendage        Tmut           #.....       98%         1    ##.....
 Flame Tongue             Conj/Fire      #....        98%         1    ##.....
 Magic Dart               Conj           #...         98%         1    ##.....
 Sandblast                Erth           #.....       98%         1    ##.....
 Sting                    Conj/Pois      #...         98%         1    ##.....
 Summon Butterflies       Summ           #.......     98%         1    ##.....
 Passwall                 Tmut/Erth      #.......     99%         2    ###....
 Poisonous Vapours        Pois/Air       #.....       99%         2    ###....
 Searing Ray              Conj           #.....       99%         2    ###....
 Sticks to Snakes         Tmut           #.......     99%         2    ###....
 Throw Flame              Conj/Fire      #.....       99%         2    ###....
 Conjure Flame            Conj/Fire      #.......     100%        3    ####...
 Dazzling Spray           Conj/Hex       #.....       100%        3    ####...
 Inner Flame              Hex/Fire       #.......     100%        3    ####...
 Lesser Beckoning         Tloc           #.........   100%        3    ####...
 Mephitic Cloud           Conj/Pois/Air  #.......     100%        3    ####...
 Recall                   Summ/Tloc      N/A          100%        3    ####...
 Spider Form              Tmut/Pois      #.........   100%        3    ####...
 Stone Arrow              Conj/Erth      #.....       100%        3    ####...
 Tukima's Dance           Hex            #.......     100%        3    ####...
 Animate Dead             Necr           N/A          100%        4    #####..
 Force Lance              Conj/Tloc      #.......     100%        4    #####..
 Fulminant Prism          Conj/Hex       #.........   100%        4    #####..
 Ice Form                 Ice/Tmut       #.......     100%        4    #####..
 Iskenderun's Mystic Bla  Conj           #.......     100%        4    #####..
 Leda's Liquefaction      Hex/Erth       #.........   100%        4    #####..
 Olgreb's Toxic Radiance  Pois           #.......     100%        4    #####..
 Petrify                  Tmut/Erth      #.......     100%        4    #####..
 Sticky Flame             Conj/Fire      #.......     100%        4    #####..
 Agony                    Necr           #.......     100%        5    ######.
 Alistair's Intoxication  Tmut/Pois      #.......     100%        5    ######.
 Blade Hands              Tmut           #.........   100%        5    ######.
 Bolt of Magma            Conj/Fire/Erth #.........   100%        5    ######.
 Borgnjor's Vile Clutch   Necr/Erth      #.........   100%        5    ######.
 Dispel Undead            Necr           #.......     100%        5    ######.
 Excruciating Wounds      Chrm/Necr      #.........   100%        5    ######.
 Fireball                 Conj/Fire      #.........   100%        5    ######.
 Lee's Rapid Deconstruct  Erth           #.........   100%        5    ######.
 Metabolic Englaciation   Hex/Ice        #.........   100%        5    ######.
 Venom Bolt               Conj/Pois      #.........   100%        5    ######.
 Bolt of Cold             Conj/Ice       #.........   100%        6    #######
 Death Channel            Necr           #.........   100%        6    #######
 Freezing Cloud           Conj/Ice/Air   #.........   100%        6    #######
 Invisibility             Hex            #.......     100%        6    #######
 Iron Shot                Conj/Erth      #.........   100%        6    #######
 Ozocubu's Refrigeration  Ice            #.........   100%        6    #######
 Simulacrum               Ice/Necr       #.........   100%        6    #######
 Statue Form              Tmut/Erth      #........    100%        6    #######
 Ring of Flames           Chrm/Fire      #.........   100%        7    #######
 Shatter                  Erth           #.........   100%        9    #######


Dungeon Overview and Level Annotations

Branches:
Dungeon (15/15)            Temple (1/1) D:7            Lair (6/6) D:9
  Swamp (4/4) Lair:3       Spider (4/4) Lair:4        Slime (0/5) Lair:5
    Orc (2/2) D:10            Elf (2/3) Orc:2        Vaults (0/5) D:13
 Depths (0/5) D:15          IceCv (visited)         Volcano (visited)

Altars:
Ashenzari
Cheibriados
Dithmenos
Fedhas
Gozag
Kikubaaqudgha
Makhleb
Okawaru
Qazlal
Sif Muna
Xom
Yredelemnul
Zin
Beogh

Shops:
D:6 =   Orc:2 [}(?

Portals:
Trove: D:11 (give +5 demon whip)

Annotations:
Orc:1 2 transporters, Curus's ghost, journeyman MiGl


Innate Abilities, Weirdness & Mutations

You reflexively headbutt those who attack you in melee.
You have a pair of horns on your head.
[You tend to lose your temper in combat.]


Message History

You recover from your berserk rage.
As you read the scroll of teleportation, it crumbles to dust.
You feel strangely unstable.
You feel the power of the Abyss delaying your translocation!
A large abomination comes into view.
A raiju comes into view.
The balrug gestures at you. Something smites you!
* * * LOW HITPOINT WARNING * * *
A raiju comes into view.
The raiju barks!
The raiju bursts into living lightning!
The living lightning misses you.
The raiju blinks! x2
The balrug gestures at you. Something smites you!
* * * LOW HITPOINT WARNING * * *
An ancient zyme and a wretched star come into view.
The raiju bursts into living lightning!
The living lightning hits you!
You die...

....... .*. ......§
....§. ....§.
...... #....
.....#....
##...###...###...
..#.....#.....#....
...................
§......@3.........
x§...........X.....
..#.....#h....#....
##..§###...###...
#..X..#.....#....
...§..... ...2....
..........h........
...................
.#.....#.....#....


You could see a starcursed mass, a balrug, a wretched star, a sun demon, an
ancient zyme, a large abomination and a raiju.

Vanquished Creatures
  Arachne (Spider:2)
  The ghost of Citam the Geomancer, an adept OgEE of Vehumet (Spider:2)
  Jorgrun (D:14)
  An Ice Fiend (IceCv)
  2 thorn hunters
  Donald (Swamp:1)
  Aizul (Spider:2)
  3 ghost moths (Spider:4)
  An orc warlord (Orc:2)
  The ghost of brob1 the Blocker, a journeyman DDFi of Makhleb (Lair:6)
  5 emperor scorpions
  4 very ugly things
  3 entropy weavers
  3 spark wasps
  Snorg (D:11)
  2 deep elf death magi
  2 ogre magi
  2 fire dragons (D:15)
  Josephine (D:12)
  Erolcha (D:12)
  A rakshasa (D:14)
  Fannar (D:12)
  25 hydras
  3 centaur warriors
  The ghost of Ocawuss the Carver, a journeyman HuAr (D:11)
  A ghost crab (Swamp:1)
  12 alligators
  8 death scarabs (Spider:4)
  3 catoblepae (Lair:6)
  5 dancing weapons
  12 death yaks
  A queen ant (Lair:2)
  6 two-headed ogres
  2 orc high priests (Orc:2)
  Urug (D:12)
  6 hell knights (Abyss:2)
  A wretched star (Abyss:2)
  Nergalle (D:12)
  A deep elf knight (Elf:2)
  A fire crab (Volcano)
  3 unseen horrors
  10 swamp dragons
  4 spriggan druids
  An orc knight (Orc:2)
  4 lindwurms
  5 spectral wolf spiders (Spider:4)
  A flayed ghost (Abyss:2)
  4 deep elf archers
  24 deep elf magi
  A wolf spider zombie (Spider:4)
  A necromancer (D:13)
  13 ugly things
  4 oklob plants (Lair:5)
  9 orb spiders
  4 moths of wrath
  20 wolf spiders
  2 manticores (Lair:6)
  6 orc sorcerers
  Joseph (D:9)
  19 spiny frogs
  5 large abominations
  2 black mambas (Lair:3)
  Psyche (D:8)
  6 centaur skeletons
  An ice statue (IceCv)
  A torpor snail (Lair:2)
  5 spectral redbacks (Spider:4)
  5 rime drakes
  7 ice devils (IceCv)
  2 komodo dragons
  A tormentor (Abyss:2)
  3 anaconda simulacra (IceCv)
  An ancient zyme (Abyss:2)
  A freezing wraith (IceCv)
  2 kobold demonologists
  A golden dragon simulacrum (IceCv)
  10 demonic crawlers
  14 trolls
  A queen bee (Spider:3)
  32 jumping spiders
  31 hornets
  3 meliai
  10 tyrant leeches
  6 spectral jumping spiders (Spider:4)
  Grinder (D:4)
  5 spectral tarantellas (Spider:4)
  Prince Ribbit (D:5)
  A harpy skeleton (D:15)
  20 blink frogs
  4 bog bodies
  16 slime creatures
  2 jumping spider zombies (Spider:4)
  12 hippogriffs
  50 redbacks
  18 tarantellas
  3 water elementals (Elf:1)
  7 spriggans
  2 shadows
  A ynoxinul (Abyss:2)
  2 air elementals (Elf:1)
  2 centaur simulacra
  Grum (D:8)
  33 yaks
  5 wyverns
  4 dire elephant simulacra (IceCv)
  A fire elemental (Elf:1)
  11 fire bats (Volcano)
  2 vampires
  3 hungry ghosts
  7 wraiths
  A death yak simulacrum (IceCv)
  3 basilisks
  16 vampire mosquitoes
  4 wargs (Orc:2)
  An iron troll simulacrum (IceCv)
  6 soldier ants
  3 harpy simulacra (IceCv)
  14 swamp worms
  6 hell hounds
  A floating eye (Lair:5)
  13 water moccasins
  2 hydra simulacra (IceCv)
  34 orc warriors
  6 porcupines
  A spectral hornet (Spider:4)
  An eye of draining (D:12)
  4 hornet zombies
  2 eyes of draining (shapeshifter)
  12 ice beasts
  3 sky beasts
  An ettin simulacrum (IceCv)
  10 swamp drakes
  3 black bears
  20 wolves
  21 ogres
  4 boggarts
  3 phantoms
  18 centaurs
  18 crocodiles
  2 big kobolds
  5 elf zombies (Elf:1)
  11 bullfrogs
  2 earth elementals (Elf:1)
  3 wyvern zombies
  2 scorpions
  24 killer bees
  An elephant simulacrum (IceCv)
  5 wights (D:6)
  6 howler monkeys
  2 electric eels
  5 lava snakes (Volcano)
  9 crimson imps
  3 quasits
  2 centaur zombies
  2 draconian simulacra (IceCv)
  2 bullfrog zombies
  5 jellies
  5 hounds
  A bullfrog skeleton (D:13)
  A gnoll shaman (D:3)
  32 orc priests
  41 orc wizards
  4 iguanas
  31 worker ants
  3 spriggan simulacra (IceCv)
  2 polar bear simulacra (IceCv)
  A wolf simulacrum (IceCv)
  A troll simulacrum (IceCv)
  3 hound skeletons
  A worker ant zombie (D:6)
  A howler monkey skeleton (D:11)
  5 gnolls
  12 adders
  4 naga simulacra (IceCv)
  An ogre simulacrum (IceCv)
  5 shadow imps
  4 white imps
  7 ufetubi
  8 worms
  2 dart slugs
  7 leopard geckos
  108 orcs
  A ball python (D:1)
  3 bats
  8 giant cockroaches
  11 goblins
  8 hobgoblins
  12 jackals
  17 kobolds
  5 quokkas
  A ball python zombie (D:5)
  2 frilled lizards
  A leopard gecko zombie (D:7)
  A quokka skeleton (D:5)
  6 rats
  4 briar patches
  3 fungi
1325 creatures vanquished.

Vanquished Creatures (others)
  An alligator (Swamp:1)
  A deep elf knight (Elf:1)
  A deep elf mage (Elf:2)
  An orc wizard (Orc:2)
  An orc (Orc:1)
  7 fungi
  A lurking horror (Abyss:2)
  10 plants
23 creatures vanquished.

Grand Total: 1348 creatures vanquished

Notes
Turn   | Place    | Note
-------+----------+-------------------------------------------
     0 | D:1      | Peloso the Minotaur Fighter began the quest for the Orb.
     0 | D:1      | Reached XP level 1. HP: 19/19 MP: 0/0
    87 | D:1      | Reached XP level 2. HP: 23/27 MP: 1/1
   147 | D:1      | Reached skill level 4 in Shields
   321 | D:1      | Reached XP level 3. HP: 33/33 MP: 2/2
   662 | D:2      | Found a faded altar of an unknown god.
   696 | D:2      | Noticed a centaur
   703 | D:2      | Killed a centaur
   703 | D:2      | Reached skill level 1 in Dodging
   703 | D:2      | Reached XP level 4. HP: 30/40 MP: 3/3
   795 | D:2      | Reached XP level 5. HP: 32/46 MP: 4/4
  1165 | D:2      | Noticed an ogre
  1191 | D:2      | Killed an ogre
  1191 | D:2      | Reached skill level 5 in Shields
  1595 | D:3      | Found a shattered altar of Ashenzari.
  2094 | D:3      | Reached skill level 5 in Long Blades
  2094 | D:3      | Reached XP level 6. HP: 52/53 MP: 5/5
  2990 | D:4      | Reached skill level 5 in Fighting
  3013 | D:4      | Reached XP level 7. HP: 38/61 MP: 6/6
  3066 | D:4      | Reached skill level 5 in Armour
  3232 | D:4      | Reached skill level 6 in Shields
  3275 | D:4      | Noticed a hippogriff
  3298 | D:4      | Killed a hippogriff
  3538 | D:4      | Noticed Grinder
  3593 | D:4      | Paralysed by Grinder for 4 turns
  3617 | D:4      | Killed Grinder
  3617 | D:4      | Reached XP level 8. HP: 58/70 MP: 7/7
  3755 | D:4      | Found a burning altar of Makhleb.
  3755 | D:4      | Found a basalt altar of Yredelemnul.
  3762 | D:4      | Found a faded altar of an unknown god.
  3764 | D:4      | Found a snail-covered altar of Cheibriados.
  3770 | D:4      | Found a faded altar of an unknown god.
  3862 | D:4      | Found a blossoming altar of Fedhas.
  3899 | D:5      | Entered Level 5 of the Dungeon
  3992 | D:5      | Reached skill level 1 in Unarmed Combat
  4060 | D:5      | Reached skill level 7 in Shields
  4701 | D:6      | Noticed Prince Ribbit
  5654 | D:5      | Killed Prince Ribbit
  5976 | D:6      | Reached skill level 8 in Shields
  6207 | D:6      | Reached XP level 9. HP: 78/78 MP: 8/8
  6369 | D:6      | Found Sosko's Jewellery Boutique.
  7338 | D:7      | Found a staircase to the Ecumenical Temple.
  7357 | D:6      | Reached skill level 9 in Shields
  7397 | Temple   | Entered the Ecumenical Temple
  7401 | Temple   | Became a worshipper of Warmaster Okawaru
  8328 | D:7      | Reached * piety under Okawaru
  8867 | D:8      | Noticed Psyche
  8876 | D:8      | Killed Psyche
  8876 | D:8      | Reached XP level 10. HP: 83/88 MP: 9/9
  8882 | D:8      | Reached skill level 10 in Long Blades
  9225 | D:8      | Noticed an angel
  9228 | D:8      | Found a shimmering altar of Xom.
  9228 | D:8      | Found a glowing silver altar of Zin.
  9229 | D:8      | Noticed Grum
  9239 | D:8      | Reached ** piety under Okawaru
  9239 | D:8      | Reached skill level 10 in Shields
  9252 | D:8      | Killed Grum
  9682 | D:9      | Noticed a death yak
  9683 | D:9      | Noticed a death yak
  9684 | D:9      | Noticed a death yak
  9684 | D:9      | Noticed a death yak
  9685 | D:9      | Noticed a death yak
  9685 | D:9      | Noticed a death yak
  9687 | D:9      | Noticed a death yak
 10085 | D:8      | Killed a death yak
 10470 | D:8      | Killed a death yak
 10470 | D:8      | Reached skill level 11 in Shields
 10512 | D:8      | Killed a death yak
 10512 | D:8      | Reached *** piety under Okawaru
 10826 | D:7      | Killed a death yak
 11131 | D:8      | Killed a death yak
 11131 | D:8      | Reached skill level 1 in Invocations
 11131 | D:8      | Reached XP level 11. HP: 56/97 MP: 8/10
 11313 | D:8      | Killed a death yak
 11313 | D:8      | Reached **** piety under Okawaru
 11918 | D:9      | Killed a death yak
 12429 | D:9      | Found a staircase to the Lair.
 12728 | D:9      | Found a shadowy altar of Dithmenos.
 12795 | D:9      | Noticed Joseph
 12812 | D:9      | Killed Joseph
 12812 | D:9      | Reached skill level 10 in Armour
 12933 | D:10     | Entered Level 10 of the Dungeon
 12997 | D:10     | Killed an unseen horror
 13498 | D:10     | Found a staircase to the Orcish Mines.
 13504 | D:10     | Found a roughly hewn altar of Beogh.
 13527 | D:10     | Received a gift from Okawaru
 13825 | D:10     | Reached skill level 12 in Shields
 13990 | D:10     | Found a roughly hewn altar of Beogh.
 14026 | D:10     | Noticed a two-headed ogre
 14036 | D:10     | Killed a two-headed ogre
 14349 | D:11     | Noticed a centaur warrior
 14615 | D:11     | Noticed Snorg
 14629 | D:10     | Killed a centaur warrior
 14978 | D:11     | Killed Snorg
 14978 | D:11     | Reached ***** piety under Okawaru
 15003 | D:11     | Reached skill level 10 in Fighting
 15003 | D:11     | Reached XP level 12. HP: 78/106 MP: 12/12
 15179 | D:11     | Found a runed translucent gate.
 15179 | D:11     | Found a runed translucent gate.
 15182 | D:11     | Found a runed translucent gate.
 15182 | D:11     | Noticed Ocawuss's ghost (journeyman HuAr)
 15307 | D:11     | Received a gift from Okawaru
 15520 | D:11     | Found a portal to a secret trove of treasure.
 15603 | D:11     | Identified a scroll of acquirement
 15666 | Lair:1   | Entered Level 1 of the Lair of Beasts
 15775 | Lair:1   | Noticed a seven-headed hydra
 15816 | D:9      | Reached skill level 13 in Shields
 15972 | D:12     | Noticed Josephine
 15997 | D:12     | Killed Josephine
 16707 | D:12     | Noticed Urug
 16736 | D:12     | Noticed Nergalle
 16743 | D:12     | Killed Nergalle
 16796 | D:12     | Noticed Fannar
 16807 | D:12     | Killed Fannar
 16824 | D:12     | Noticed Erolcha
 16842 | D:12     | Killed Erolcha
 16842 | D:12     | Reached skill level 1 in Stealth
 17374 | Orc:1    | Entered Level 1 of the Orcish Mines
 17456 | Orc:1    | Received a gift from Okawaru
 17459 | Orc:1    | Noticed an ogre mage
 17464 | Orc:1    | Killed an ogre mage
 17688 | Orc:1    | Noticed Curus's ghost (journeyman MiGl)
 17697 | Orc:1    | Found a transporter.
 17854 | Orc:1    | Found a transporter.
 18119 | Orc:1    | Paralysed by an orc sorcerer for 4 turns
 18125 | Orc:1    | Reached XP level 13. HP: 105/116 MP: 13/13
 18368 | Orc:2    | Entered Level 2 of the Orcish Mines
 18647 | Lair:1   | Received a gift from Okawaru
 18655 | Lair:1   | Reached skill level 14 in Shields
 20257 | Lair:2   | Reached skill level 1 in Evocations
 20696 | Lair:2   | Reached skill level 15 in Long Blades
 21566 | Lair:3   | Found a staircase to the Swamp.
 22270 | Lair:4   | Found a hole to the Spider Nest.
 22770 | Lair:4   | Reached skill level 15 in Shields
 23089 | D:12     | Killed Urug
 23089 | D:12     | Reached skill level 1 in Short Blades
 23413 | D:13     | Received a gift from Okawaru
 23417 | D:13     | Got a jewelled scimitar {god gift}
 23418 | D:13     | Identified the +1 scimitar of Action {holy, rF+ Stlth+}
                  | (Okawaru gifted it to you on level 13 of the Dungeon)
 23591 | D:13     | Reached XP level 14. HP: 115/127 MP: 14/14
 23671 | D:13     | Found a gate to the Vaults.
 24356 | D:13     | Got an iridescent broad axe
 24360 | D:13     | Identified the +2 broad axe "Tuocrat" {protect, *Contam
                  | rElec SInv} (You found it on level 13 of the Dungeon)
 25056 | Orc:2    | Found a staircase to the Elven Halls.
 25124 | Orc:2    | Found a roughly hewn altar of Beogh.
 25675 | Orc:2    | Received a gift from Okawaru
 25764 | Orc:2    | Found Bafu's Weapon Boutique.
 25764 | Orc:2    | Found Legoma's Antique Armour Shop.
 25765 | Orc:2    | Found Rorgheiq's Gadget Shop.
 25768 | Orc:2    | Found Kagazuc's Magic Scroll Boutique.
 25772 | Orc:2    | Bought a scroll of magic mapping for 49 gold pieces
 25772 | Orc:2    | Bought a scroll of magic mapping for 49 gold pieces
 25811 | Orc:2    | Bought a brightly glowing shield for 247 gold pieces
 25818 | Orc:2    | Identified the +1 shield "Zaenast" {+Blink Int+3} (You
                  | bought it in a shop on level 2 of the Orcish Mines)
 25830 | Orc:2    | Bought a pair of glowing boots for 195 gold pieces
 25835 | Orc:2    | Identified a +1 pair of boots of running (You bought it in
                  | a shop on level 2 of the Orcish Mines)
 25837 | Orc:2    | Bought a pair of embroidered boots for 195 gold pieces
 25983 | Orc:2    | Found a roughly hewn altar of Beogh.
 26016 | Orc:2    | Noticed an orc warlord
 26443 | Orc:2    | Killed an orc warlord
 26443 | Orc:2    | Reached ****** piety under Okawaru
 27124 | D:11     | Killed Ocawuss's ghost
 27195 | D:11     | Upgraded the game from 0.24.1-1-gd1d2a07e1b to
                  | 0.24.1-4-ge52af88ad5
 27324 | D:14     | Received a gift from Okawaru
 27428 | D:14     | Reached skill level 16 in Shields
 27954 | D:15     | Entered Level 15 of the Dungeon
 27956 | D:15     | Noticed Jorgrun
 27971 | D:14     | Killed Jorgrun
 28522 | D:15     | Received a gift from Okawaru
 28699 | D:15     | Reached XP level 15. HP: 115/138 MP: 10/15
 28867 | D:15     | Found a staircase to the Depths.
 29184 | Lair:5   | Found a dark tunnel.
 29198 | Volcano  | Entered a volcano
 29443 | Volcano  | Found a radiant altar of Vehumet.
 29469 | Volcano  | Found a bloodstained altar of Trog.
 29631 | Lair:5   | Found a staircase to the Slime Pits.
 29848 | Lair:5   | Reached skill level 17 in Shields
 30037 | Lair:5   | Paralysed by a floating eye for 2 turns
 30127 | Lair:5   | Paralysed by a floating eye for 2 turns
 30136 | Lair:5   | Paralysed by a floating eye for 2 turns
 30499 | Lair:6   | Entered Level 6 of the Lair of Beasts
 30527 | Lair:6   | Received a gift from Okawaru
 30727 | Lair:6   | Found a shadowy altar of Dithmenos.
 30917 | Lair:6   | Received a gift from Okawaru
 31296 | Lair:6   | Reached skill level 15 in Fighting
 31522 | Lair:6   | Found a runed translucent gate.
 31522 | Lair:6   | Found a runed translucent gate.
 31523 | Lair:6   | Found a runed translucent gate.
 31529 | Lair:6   | Noticed brob1's ghost (journeyman DDFi)
 32002 | Lair:6   | Killed brob1's ghost
 32719 | Spider:1 | Entered Level 1 of the Spider Nest
 32795 | Spider:1 | Reached skill level 15 in Armour
 33203 | Spider:1 | Received a gift from Okawaru
 33203 | Spider:1 | Reached skill level 18 in Shields
 33710 | Swamp:1  | Entered Level 1 of the Swamp
 33795 | Swamp:1  | Reached XP level 16. HP: 58/149 MP: 7/16
 34285 | Swamp:1  | Noticed Donald
 34304 | Swamp:1  | Killed Donald
 34947 | Swamp:1  | Received a gift from Okawaru
 35549 | Spider:2 | Found a runed translucent gate.
 35549 | Spider:2 | Found a runed translucent gate.
 35549 | Spider:2 | Found a runed translucent gate.
 35550 | Spider:2 | Noticed Citam's ghost (adept OgEE)
 35629 | Spider:2 | Noticed Arachne
 35648 | Spider:2 | Killed Arachne
 35939 | Spider:2 | Noticed Aizul
 35980 | Spider:2 | Killed Aizul
 36652 | Spider:2 | Reached skill level 19 in Shields
 37850 | Swamp:2  | Found a frozen archway.
 37859 | IceCv    | Entered an ice cave
 38403 | IceCv    | Noticed an Ice Fiend
 39336 | IceCv    | Killed an Ice Fiend
 39967 | Swamp:2  | Received a gift from Okawaru
 39980 | Swamp:2  | Got a dazzling plate armour {god gift}
 39991 | Swamp:2  | Identified the +1 plate armour of Vexation {rN+} (Okawaru
                  | gifted it to you on level 2 of the Swamp)
 41428 | D:6      | Bought an uncursed ring of see invisible for 165 gold
                  | pieces
 41825 | D:11     | You fall into a shaft and drop 1 floor!
 42102 | Spider:3 | Reached skill level 5 in Dodging
 42719 | Spider:2 | Killed Citam's ghost
 42779 | Spider:3 | Reached XP level 17. HP: 84/159 MP: 18/18
 44265 | Spider:4 | Entered Level 4 of the Spider Nest
 45804 | Spider:4 | Reached skill level 20 in Shields
 46016 | Spider:4 | Received a gift from Okawaru
 46685 | Spider:4 | Received a gift from Okawaru
 48194 | Spider:4 | Got a gossamer rune of Zot
 48454 | Swamp:3  | Received a gift from Okawaru
 48926 | Swamp:3  | Reached skill level 21 in Shields
 49447 | Swamp:3  | Got a faintly glowing turquoise ring
 49449 | Swamp:3  | Identified the ring "Jutsuck" {rC+ Dex+4} (You found it on
                  | level 3 of the Swamp)
 49457 | Swamp:3  | Reached XP level 18. HP: 170/170 MP: 19/19
 49812 | Swamp:4  | Entered Level 4 of the Swamp
 50394 | Swamp:4  | Received a gift from Okawaru
 50692 | Swamp:4  | Got a steaming dagger {god gift}
 50693 | Swamp:4  | Identified the +3 dagger of Jucoah {flame, rF+} (Okawaru
                  | gifted it to you on level 4 of the Swamp)
 51581 | Swamp:4  | Got a decaying rune of Zot
 52290 | Elf:1    | Entered Level 1 of the Elven Halls
 52651 | Elf:1    | Found an ancient bone altar of Kikubaaqudgha.
 53458 | Elf:1    | Received a gift from Okawaru
 53466 | Elf:1    | Identified the Catalogue of Evil Magic
 53720 | Elf:2    | Cast into level 2 of the Abyss (deep elf mage)
 53720 | Abyss:2  | Found a corrupted altar of Lugonu.
 53973 | Abyss:2  | Reached skill level 22 in Shields
 54002 | Abyss:3  | Found a corrupted altar of Lugonu.
 54034 | Abyss:3  | Killed from afar by a raiju

Levels and vault maps discovered:
D:1:      psy_arrival_fountain, layout_rooms, minmay_worlds_worst_comb
D:2:      layout_basic, chequers_ecumenical_altar_simple_redux, hex_medium
D:3:      layout_loops_corners, nicolae_overflow_hidden_temple,
          minmay_misc_feat_diagonals, hangedman_decor_push
D:4:      layout_rooms, chequers_temple_overflow_minitemple,
          minmay_strange_pillars, fedhas_altar_4, uniq_grinder
D:5:      layout_basic, first_ration
D:6:      layout_layer_cave, serial_shops, shop, uniq_prince_ribbit1
D:7:      layout_loops_ring, minmay_temple_entry_sparse_star,
          serial_co_window_serial, co_window_of_opportunity_a,
          co_window_paths_b, co_window_paths_a, co_window_paths_b,
          co_window_of_opportunity_a, co_window_paths_c,
          co_window_unsneaky_path_e, co_window_paths_c,
          co_window_of_opportunity_b, co_window_paths_e, co_window_sun,
          glass_columns_a, glass_columns_a, glass_columns_c, glass_columns_a,
          glass_columns_a, the_bakery
D:8:      layout_rooms, grunt_temple_overflow_order_and_chaos_1, uniq_grum,
          uniq_psyche
D:9:      layout_loops_corners, dpeg_lair_monsters, basic_altar, uniq_joseph
D:10:     layout_roguey [special_room_orc], minmay_orc_entry_temple_small
D:11:     layout_rooms, enter_trove_3, serial_ice, serial_ice_m, serial_ice_g,
          serial_ice_e, serial_ice_d, ebering_ghost_rock_garden, uniq_snorg
D:12:     layout_long_grid, st_stairs_4, uniq_urug, uniq_erolcha, uniq_fannar,
          uniq_nergalle, uniq_josephine
D:13:     layout_grid_maze, david_vaults_1
D:14:     layout_basic, chequers_avenue
D:15:     grunt_enter_depths_hoard, layout_rooms, uniq_jorgrun
Temple:   compressed_dpeg_circular_temple
Lair:1:   layout_regular_city, serial_rivers, chequers_serial_rivers_micro_a,
          chequers_serial_rivers_large_a, chequers_serial_rivers_small_3,
          chequers_serial_rivers_room_a, chequers_serial_rivers_room_a,
          chequers_serial_rivers_small_b
Lair:2:   layout_hall_layers, st_stairs_10, zaba_antful_of_joy,
          serial_bayou_shore_a
Lair:3:   layout_regular_city, minmay_swamp_entry_worms
Lair:4:   layout_hall_layers, spider_nest_entry_webs
Lair:5:   layout_long_grid, minmay_slime_entry_pillars, enter_volcano_3,
          minivault_25, disabler_island
Lair:6:   evilmike_catoblepas_cave, layout_gridlike, gammafunk_ghost_hydra_chop,
          lemuel_centaur_altar
Swamp:1:  layout_basic_swamp, infiniplex_staircase_pool_2, uniq_donald
Swamp:2:  layout_falls_marsh, portal_ice_cave_entry_pillars_2,
          evilmike_swamp_ruin_house_4
Swamp:3:  layout_basic_swamp, evilmike_swamp_ruin_rubble_2
Swamp:4:  swamp_alternative, layout_basic_swamp, infiniplex_staircase_pool
Spider:1: layout_spider_delve, guppyfry_spider_mini_1
Spider:2: layout_spider_delve, ebering_ghost_rock_garden, hive_lemuel,
          uniq_arachne, uniq_aizul
Spider:3: layout_spider_delve, drop_trap
Spider:4: floodkiller_spider_rune_tomb, special_room [special_room_bee],
          spiders_nest_ghost_moth_duel
Orc:1:    layout_caves, gammafunk_ghost_stat_death, mines4_lemuel
Orc:2:    st_orc_mages, layout_caves, hangedman_feature_mirror
Elf:1:    layout_loops_corners, basic_altar, minmay_elf_necromancy
Elf:2:    layout_geoelf_octagon
Abyss:3:  base: Crypt:1, hangedman_abyss_batty_box, evilmike_abyss_exit_12

Skill      XL: |  1  2  3  4  5  6  7  8  9 10 11 12 13 14 15 16 17 18 |
---------------+-------------------------------------------------------+-----
Shields        | 4 5 6 8 9 11 12 13 15 16 18 19 21 22 | 22.0
Fighting       | 4 5 6 7 9 10 11 12 14 15 16 17 18 | 18.0
Armour         | 4 5 6 8 9 11 12 13 14 15 16 17 | 17.6
Long Blades    | 3 4 5 6 7 8 9 11 13 14 15 16 17 18 | 18.5
Dodging        | 1 2 3 4 5 |  5.5
Unarmed Combat | 1 |  1.9
Invocations    | 1 2 3 |  3.2
Stealth        | 1 2 |  2.9
Evocations     | 1 |  1.8
Short Blades   | 1 3 4 |  4.8

Action                   |  1- 3 |  4- 6 |  7- 9 | 10-12 | 13-15 | 16-18 || total
-------------------------+-------+-------+-------+-------+-------+-------++-------
Melee: Long sword        |    77 |   174 |   392 |   631 |       |       ||  1274
       Headbutt          |     5 |    23 |    76 |   219 |   396 |   570 ||  1289
       Unarmed           |       |       |    14 |       |       |       ||    14
       Demon blade       |       |       |       |   222 |  1461 |  1847 ||  3530
       Short sword       |       |       |       |       |    76 |   143 ||   219
Invok: Heroism           |       |       |       |    19 |     8 |    18 ||    45
       Finesse           |       |       |       |       |       |     2 ||     2
Evoke: Wand              |       |       |     2 |       |     5 |     7 ||    14
  Use: Potion            |     2 |     4 |     2 |     2 |     2 |    11 ||    23
       Scroll            |       |     5 |     5 |    10 |    13 |    15 ||    48
 Stab: Confused          |       |       |       |       |       |     1 ||     1
       Distracted        |       |       |       |       |       |     1 ||     1
  Eat: Chunk             |       |     7 |    15 |    28 |    32 |    53 ||   135
       Ration            |       |       |     1 |     2 |     5 |     7 ||    15
Armor: Scale mail        |    45 |       |       |       |       |       ||    45
       Plate armour      |    19 |    95 |   159 |   347 |   676 |  1054 ||  2350
       Skin              |       |       |     1 |       |       |       ||     1
Dodge: Dodged            |    27 |    25 |    75 |   191 |   443 |   640 ||  1401
Block: Shield            |    65 |   113 |   196 |   563 |  1210 |  1889 ||  4036
       Reflection        |       |       |       |       |    17 |    40 ||    57
       Rpst.: Long sword |     2 |     8 |    24 |    27 |       |       ||    61
       Demon blade       |       |       |       |    12 |    98 |    93 ||   203
